 Dungeon Crawl Stone Soup version 0.28-a0-980-g3664467d6e (webtiles) character file.

Game seed: 580379410520329803

253 Peloso the Shield-Bearer (level 5, -1/47 HPs)
             Began as a Minotaur Fighter on Dec 2, 2021.
             Slain by an orc (3 damage)
             ... on level 4 of the Dungeon.
             The game lasted 00:05:15 (3128 turns).

Peloso the Shield-Bearer (Minotaur Fighter)         Turns: 3128, Time: 00:05:15

Health: -1/47      AC: 12    Str: 19 (21) XL:     5   Next: 90%
Magic:  4/4        EV:  6    Int:  4 (5)  God:
Gold:   183        SH:  0    Dex:  9 (11) Spells: 4/4 levels left

rFire   . . .      SeeInvis .   a - +0 long sword
rCold   . . .      Faith    .   c - +0 tower shield
rNeg    . . .      Spirit   .   b - +0 scale mail
rPois   .          Reflect  +   (helmet restricted)
rElec   .          Harm     .   s - +0 cloak
rCorr   .          Rampage  .   g - +1 pair of gloves
Will    .....                   l - +0 pair of boots
Stlth   ..........              e - amulet of reflection
HPRegen 0.15/turn               (no ring)
MPRegen 0.09/turn               (no ring)

@: confused, brilliant, lethally poisoned (-1 -> -8)
A: horns 2, retaliatory headbutt
a: no special abilities


You were on level 4 of the Dungeon.
You visited 1 branch of the dungeon, and saw 4 of its levels.

You collected 183 gold pieces.

Inventory:

Hand Weapons
 a - a +0 long sword (weapon)
Missiles
 o - 10 bolts
Armour
 b - a +0 scale mail (worn)
 c - a +0 tower shield (worn)
 g - a +1 pair of gloves (worn)
 l - a +0 pair of boots (worn)
 s - a +0 cloak (worn)
Jewellery
 e - an amulet of reflection (around neck)
 m - a ring of poison resistance
Scrolls
 f - 2 scrolls of identify {unknown}
 h - 2 scrolls of fog {unknown}
 j - a scroll of enchant armour {unknown}
 k - a scroll of vulnerability {unknown}
 n - a scroll of brand weapon {unknown}
 p - a scroll of enchant weapon {unknown}
 v - a scroll of magic mapping {unknown}
Potions
 t - a potion of ambrosia


   Skills:
 + Level 4.7 Fighting
 + Level 4.2 Long Blades
 + Level 5.0 Armour
 + Level 1.4 Dodging
 + Level 0.1 Stealth
 + Level 5.1 Shields


You had 4 spell levels left.
You didn't know any spells.
Your spell library contained the following spells:

 Spells                   Type           Power      Damage    Failure   Level
 Ensorcelled Hibernation  Hex/Ice        0%         N/A       100%        2
 Passwall                 Tmut/Erth      0%         N/A       100%        2
 Swiftness                Air            0%         N/A       100%        3
 Tukima's Dance           Hex            0%         N/A       100%        3


Dungeon Overview and Level Annotations

Branches:
Dungeon (4/15)
 Temple: D:4-7

Altars:


Innate Abilities, Weirdness & Mutations

You have a pair of horns on your head.
You reflexively headbutt those who attack you in melee.


Message History

You feel sick. You block the orc's attack.
It was a potion of magic.
Magic courses through your body.
* * * LOW HITPOINT WARNING * * *
You feel sick.
It was a potion of degeneration.
There was something very wrong with that liquid.
You feel weakened.
You feel dopey.
You feel clumsy.
* * * LOW HITPOINT WARNING * * *
You feel sick. The orc barely misses you.
It was a potion of curing.
You feel better. The orc hits you with a +0 war axe.
* * * LOW HITPOINT WARNING * * *
You hit the orc.
You kill the orc!
Something hits you but does no damage. You block the orc's attack.
You hear some strange, mumbled words.
A puff of flame appears from out of thin air!
The puff of flame hits you but does no damage.
You hit the orc. You headbutt the orc.
The orc is heavily wounded.
You block the orc's attack. Something hits you but does no damage.
You block the orc's attack. The orc hits you but does no damage.
Something hits you.
* * * LOW HITPOINT WARNING * * *
You barely miss the orc.
The orc is moderately wounded.
The orc hits you but does no damage. x2
You hear some strange, mumbled words.
You are confused.
The orc closely misses you.
You bump into the rock wall.
The orc hits you but does no damage. Something hits you but does no damage.
The orc hits you but does no damage.
You are lethally poisoned!
Unknown command.
You slash the orc!
You kill the orc!
* * * LOW HITPOINT WARNING * * *
You feel very sick. Something hits you but does no damage.
The orc hits you with a +1 dagger of venom.
You die...

##....## ##...### #......####
##......### ##
##.......#.####.......... ##.
# #........#..##...........
##..
#####......#..##...........
#...
..#####.......##..........#
#...
#....#.........#....).....#
#...
####)..........o#).......##
#... ###......##.{@###...###
##.#. #.##...####....######
###...#
#...#...####....########......
###..#...........<..##...####.
####.....########........(##
##..### ##.........# #..##
#.......... #.## ##.........
#.. ##......[.


You could see an orc.

Vanquished Creatures
  An ogre (D:4)
  An orc priest (D:4)
  Crazy Yiuf (D:3)
  2 gnolls (D:1)
  An adder (D:2)
  An ufetubus (D:4)
  An adder skeleton (D:4)
  2 worms (D:2)
  A dart slug (D:1)
  2 orcs (D:4)
  6 endoplasms
  2 giant cockroaches
  6 goblins
  8 hobgoblins
  10 jackals
  3 kobolds (D:2)
  4 quokkas
  5 ball pythons
  A bat (D:2)
  3 frilled lizards
  5 rats
66 creatures vanquished.

Notes
Turn   | Place    | Note
-------+----------+-------------------------------------------
     0 | D:1      | Peloso the Minotaur Fighter began the quest for the Orb.
     0 | D:1      | Reached XP level 1. HP: 19/19 MP: 0/0
    85 | D:1      | Reached XP level 2. HP: 5/27 MP: 1/1
   608 | D:1      | Reached XP level 3. HP: 30/33 MP: 2/2
   820 | D:1      | Found a faded altar of an unknown god.
  1679 | D:2      | Reached XP level 4. HP: 40/40 MP: 3/3
  2109 | D:3      | Found a runed translucent door.
  2110 | D:3      | Noticed Crazy Yiuf
  2814 | D:3      | Killed Crazy Yiuf
  2815 | D:3      | Reached skill level 1 in Dodging
  2972 | D:4      | Noticed an ogre
  2978 | D:4      | Reached XP level 5. HP: 38/46 MP: 4/4
  2987 | D:4      | Killed an ogre
  2988 | D:4      | Reached skill level 5 in Armour
  2988 | D:4      | Reached skill level 5 in Shields
  3122 | D:4      | HP: 2/47 [poisoned by an orc]
  3128 | D:4      | HP: 2/47 [poisoned by an orc]
  3128 | D:4      | Slain by an orc

Illustrated notes

Levels and vault maps discovered:
D:1:      dpeg_arrival_erosion, layout_basic, basic_ecumenical_altar
D:2:      layout_loops_cross
D:3:      layout_basic, corexii_shack, uniq_crazy_yiuf_cottage
D:4:      layout_cave_pods, minmay_temple_entry_wispy

Skill      XL: |  1  2  3  4  5 |
---------------+----------------+-----
Armour         | 4 5 |  5.0
Shields        | 4 5 |  5.1
Fighting       | 4 |  4.7
Long Blades    | 3 4 |  4.2
Dodging        | 1 |  1.4
Stealth        | |  0.1

Action                   |  1- 3 |  4- 6 || total
-------------------------+-------+-------++-------
Melee: Long sword        |    80 |    76 ||   156
       Headbutt          |    10 |    14 ||    24
  Use: Potion            |     2 |     5 ||     7
Armor: Scale mail        |    23 |    47 ||    70
Dodge: Dodged            |    24 |    18 ||    42
Block: Buckler           |     9 |       ||     9
       Tower shield      |    47 |    81 ||   128
       Reflection        |       |     4 ||     4

Table legend: (Time is in decaauts)
 A = Elapsed time spent in this place.
 B = Non-inter-level travel time spent in this place.
 C = Inter-level travel time spent in this place.
 D = Time resting spent in this place.
 E = Time spent auto-exploring this place.
 F = Levels seen in this place.
 G = Mean time per level.
                   A        B        C        D        E       F      G
               +--------+--------+--------+--------+--------+-----+--------+
         Total |   3220 |   3151 |     69 |      0 |   2412 |   4 |  805.0 |
       Dungeon |   3220 |   3151 |     69 |      0 |   2412 |   4 |  805.0 |
               +--------+--------+--------+--------+--------+-----+--------+

Top non-repeatable levels by time:
     D:1: 1211 daAuts
     D:3: 897 daAuts
     D:2: 825 daAuts
     D:4: 286 daAuts
